 Dungeon Crawl Stone Soup version 0.29.1-2-gbd0b4ee654 (webtiles) character file.

Game seed: 13476300652712659461

3494 raph the Tainter (level 9, -2/62 HPs)
             Began as a White Draconian Venom Mage on Nov 9, 2022.
             Was a Follower of Sif Muna.
             Slain by an orc warrior
             ... wielding a +2 vorpal scimitar
              (9 damage)
             ... on level 6 of the Dungeon.
             The game lasted 00:19:10 (11178 turns).

raph the Tainter (White Draconian Venom Mage)      Turns: 11178, Time: 00:19:11

Health: -2/62      AC:  9    Str: 12    XL:     9   Next: 80%
Magic:  10/17      EV: 12    Int: 19    God:    Sif Muna [*.....]
Gold:   285        SH:  0    Dex: 11    Spells: 0/19 levels left

rFire   . . .      SeeInvis .   a - +2 whip (venom)
rCold   + + .      Faith    +   (no shield)
rNeg    . . .      Spirit   .   (body armour unavailable)
rPois   .          Reflect  .   (helmet restricted)
rElec   .          Harm     .   (no cloak)
rCorr   .          Rampage  .   (no gloves)
Will    .....                   y - +1 pair of boots
Stlth   ++........              p - amulet of faith
HPRegen 0.20/turn               h - ring of protection from cold
MPRegen 0.15/turn               (no ring)

@: very slightly contaminated
A: breathe frost, AC +7, unfitting armour, cold resistance 1, cold-blooded
a: Breathe Frost, Renounce Religion, Channel Magic


You were on level 6 of the Dungeon.
You worshipped Sif Muna.
Sif Muna was aware of your devotion.
You visited 2 branches of the dungeon, and saw 8 of its levels.

You collected 285 gold pieces.

Inventory:

Hand Weapons
 a - a +2 whip of venom (weapon)
 b - a +2 whip of flaming
 e - a +1 short sword
 k - the +5 dagger of the Stork {flame, *Slow rC+ Str+3 Dex+4}
   (You found it on level 3 of the Dungeon)

   It burns those it strikes, dealing additional fire damage.
   Str:       It affects your strength (+3).
   Dex:       It affects your dexterity (+4).
   rC:        It protects you from cold.
   *Slow:     It may slow you when you take damage.
 x - the +4 sling "Giant's Bane" {speed, Stlth+}
   (You took it off an orc on level 5 of the Dungeon)

   Attacks with this weapon are significantly faster.
   Stlth:     It makes you more stealthy.
Missiles
 l - 13 poisoned darts
 o - 6 throwing nets
Armour
 y - a +1 pair of boots (worn)
Jewellery
 h - a ring of protection from cold (left hand)
 p - an amulet of faith (around neck)
 u - a +4 ring of protection
Wands
 m - a wand of flame (5)
 r - a wand of light (3)
Scrolls
 c - a scroll of immolation
 d - a scroll of fog
 g - 3 scrolls of teleportation
Potions
 f - a potion of lignification
 i - a potion of heal wounds
 j - 2 potions of curing
 n - 2 potions of degeneration {unknown}
 q - a potion of haste {unknown}
 s - a potion of magic
 t - a potion of invisibility {unknown}
 v - a potion of might {unknown}
 w - a potion of cancellation {unknown}
 z - a potion of mutation {unknown}


   Skills:
 - Level 1.7 Dodging
 - Level 1.7 Stealth
 - Level 5.7 Spellcasting
 - Level 6.3 Conjurations
 + Level 5.2 Necromancy
 - Level 1.0 Transmutations
 + Level 2.1 Earth Magic
 - Level 8.4 Poison Magic
 - Level 5.0 Invocations


You couldn't memorise any spells.
You knew the following spells:

 Your Spells              Type           Power      Damage    Failure   Level
a - Sting                 Tmut/Pois      92%        1d7       1%          1
b - Poisonous Vapours     Pois/Air       42%        N/A       3%          2
c - Mephitic Cloud        Conj/Pois/Air  24%        N/A       4%          3
d - Olgreb's Toxic Radia  Pois           37%        N/A       3%          4
e - Vampiric Draining     Necr           25%        2d7       4%          3
f - Magic Dart            Conj           100%       1d8       1%          1
g - Borgnjor's Vile Clut  Necr/Erth      9%         N/A       56%         5

Your spell library contained the following spells:

 Spells                   Type           Power      Damage    Failure   Level
 Static Discharge         Conj/Air       17%        3-6/arc   4%          2
 Stone Arrow              Conj/Erth      42%        3d9       6%          3
 Conjure Flame            Conj/Fire      17%        6-21      10%         3
 Dazzling Flash           Conj/Hex       34%        N/A       10%         3
 Ignite Poison            Fire/Tmut/Pois 17%        N/A       10%         3
 Slow                     Hex            20%        N/A       12%         1
 Animate Dead             Necr           25%        N/A       13%         4
 Call Imp                 Summ           5%         N/A       17%         2
 Sticky Flame             Conj/Fire      17%        2d4       30%         4
 Call Canine Familiar     Summ           5%         N/A       34%         3
 Confusing Touch          Hex            5%         N/A       34%         3
 Portal Projectile        Hex/Tloc       10%        N/A       34%         3
 Summon Guardian Golem    Hex/Summ       5%         N/A       34%         3
 Tukima's Dance           Hex            5%         N/A       34%         3
 Agony                    Necr           25%        N/A       36%         5
 Leda's Liquefaction      Hex/Erth       4%         N/A       58%         4
 Lightning Bolt           Conj/Air       8%         1d21      65%         5
 Death Channel            Necr           12%        N/A       90%         6
 Blade Hands              Tmut           4%         N/A       91%         5
 Silence                  Hex/Air        2%         N/A       97%         5
 Orb of Destruction       Conj           14%        9d7       100%        7
 Spellforged Servitor     Conj/Summ      8%         N/A       100%        7
 Lehudib's Crystal Spear  Conj/Erth      10%        10d4      100%        8
 Maxwell's Capacitive Co  Air            2%         ∞         100%        8
 Animate Armour           Summ/Erth      Unusable   N/A       N/A         4

Dungeon Overview and Level Annotations

Branches:
Dungeon (7/15)             Temple (1/1) D:5

Altars:
Ashenzari
Dithmenos
Elyvilon
Fedhas
Gozag
Hepliaklqana
Makhleb
Nemelex Xobeh
Qazlal
Sif Muna
Trog
Xom
Yredelemnul
Zin
The Shining One

Shops:
D:1 [(


Innate Abilities, Weirdness & Mutations

You can breathe waves of freezing cold which knock back foes.
Your icy white scales are hard. (AC +7)
You cannot fit into any form of body armour.
Your flesh is cold resistant. (rC+)
You are cold-blooded and may be slowed by cold attacks.


Message History

The orc warrior hits you with a +2 vorpal scimitar.
You climb upwards.
There is a stone staircase leading down here.
Casting: Sting (safe; 1% risk of failure)
Confirm with . or Enter, or press ? or * to list all spells.
You begin to radiate toxic energy.
The orc warrior is poisoned.
The orc warrior looks even sicker.
The orc warrior closely misses you.
Your toxic aura wanes.
Casting: Olgreb's Toxic Radiance (dangerous; 3% risk of failure)
Confirm with . or Enter, or press ? or * to list all spells.
Aiming: Mephitic Cloud (dangerous; 4% risk of failure)
Press: ? - help, Shift-Dir - straight line
Okay, then.
The orc warrior attacks as you move away!
The orc warrior hits you with a +2 vorpal scimitar!
Casting: Mephitic Cloud (dangerous; 4% risk of failure)
Confirm with . or Enter, or press ? or * to list all spells.
Aiming: Mephitic Cloud (dangerous; 4% risk of failure)
Press: ? - help, Shift-Dir - straight line The ball explodes into a vile cloud!
The stinking cloud engulfs the orc warrior but does no damage.
The orc warrior is moderately wounded.
The orc warrior is engulfed in noxious fumes.
The orc warrior appears confused.
You hit the orc warrior but do no damage.
The orc warrior is moderately wounded.
The orc warrior hits you with a +2 vorpal scimitar!
* * * LOW HITPOINT WARNING * * *
x2 The orc warrior seems less confused.
The orc warrior looks more healthy.
Casting: Mephitic Cloud (dangerous; 4% risk of failure)
Confirm with . or Enter, or press ? or * to list all spells.
Aiming: Mephitic Cloud (dangerous; 4% risk of failure)
Press: ? - help, Shift-Dir - straight line, f - orc warrior
Aim: an orc warrior, wielding a +2 vorpal scimitar and wearing a +0 chain mail (heavily wounded, chance to affect: 81%)
You miscast Mephitic Cloud.
You are very lightly contaminated with residual magic.
Nothing appears to happen.
The orc warrior attacks as you move away!
The orc warrior hits you with a +2 vorpal scimitar!
You die...

###### #.... #....# ###....
#.##.# #...... #.##.##########
#.#.... #.>..?........###
###...... ###.#.#########.[.##
#......## ....#.<..# ###..#
#........
....#....#########.######......##
...............o@.........[......
###......##.#######....####...###
#......##.##########..#####.#
#......##...............# #.#
##.....##...###..<....#.###+###
#.....##...# #..>....#.##....#
#####.##...# #.......#..#....#
#.#########......##.#....#
#.#######.....#####.#....#


You could see an orc warrior.

Vanquished Creatures
  Pikel (D:6)
  Joseph (D:7)
  Sigmund (D:6)
  A steam dragon (D:6)
  A water moccasin (D:6)
  4 ice beasts
  Duvessa (D:4)
  An orc warrior (D:7)
  A black bear (D:6)
  A centaur (D:7)
  A phantom (D:6)
  Blork the orc (D:6)
  A bullfrog (D:7)
  A scorpion (D:4)
  6 wights
  Dowan (D:4)
  3 hounds
  A jelly (D:5)
  5 orc priests
  2 gnoll boudas
  2 iguanas (D:6)
  Terence (D:3)
  8 orc wizards
  20 gnolls
  8 adders
  A white imp (D:5)
  An ufetubus (D:5)
  34 orcs
  6 endoplasms
  3 giant cockroaches
  4 hobgoblins
  2 jackals (D:3)
  2 quokkas
  7 ball pythons
  2 bats
  2 frilled lizards (D:3)
  3 goblins
  6 kobolds
  5 rats
152 creatures vanquished.

Vanquished Creatures (others)
  An iguana (D:5)
1 creature vanquished.

Grand Total: 153 creatures vanquished

Notes
Turn   | Place    | Note
-------+----------+-------------------------------------------
     0 | D:1      | raph the Draconian Venom Mage began the quest for the Orb.
     0 | D:1      | Reached XP level 1. HP: 14/14 MP: 3/3
   627 | D:1      | Found Aklecyuh's Weapon Emporium.
   646 | D:1      | Reached XP level 2. HP: 20/20 MP: 1/5
   978 | D:1      | Learned a level 2 spell: Poisonous Vapours
   990 | D:1      | Found Mimih's Antique Armour Shoppe.
  1121 | D:1      | Found a faded altar of an unknown god.
  1560 | D:2      | Reached skill level 4 in Poison Magic
  1862 | D:2      | Reached XP level 3. HP: 26/26 MP: 4/6
  1866 | D:2      | Learned a level 3 spell: Mephitic Cloud
  2067 | D:2      | Found a glowing golden altar of the Shining One.
  2599 | D:3      | Noticed Terence
  2932 | D:3      | Identified the +5 dagger of the Stork {flame, *Slow rC+
                  | Str+3 Dex+4}
  3273 | D:4      | Reached skill level 1 in Conjurations
  3313 | D:4      | Found a glowing golden altar of the Shining One.
  3350 | D:4      | Reached XP level 4. HP: 33/33 MP: 1/7
  3600 | D:4      | Reached skill level 5 in Poison Magic
  3761 | D:4      | Reached XP level 5. HP: 38/38 MP: 0/8
  4134 | D:4      | Found a shadowy altar of Dithmenos.
  4200 | D:3      | Killed Terence
  4927 | D:4      | Noticed Duvessa
  4927 | D:4      | Noticed Dowan
  4944 | D:4      | Killed Dowan
  4958 | D:4      | Reached XP level 6. HP: 36/45 MP: 1/10
  5163 | D:4      | Learned a level 4 spell: Olgreb's Toxic Radiance
  5196 | D:4      | Found a shimmering altar of Xom.
  5485 | D:4      | Reached skill level 6 in Poison Magic
  5509 | D:4      | Killed Duvessa
  5698 | D:5      | Entered Level 5 of the Dungeon
  5988 | D:5      | Found a stormy altar of Qazlal.
  5998 | D:5      | Your scales start taking on an icy white colour.
  5998 | D:5      | Reached XP level 7. HP: 44/50 MP: 7/11
  5998 | D:5      | Gained mutation: Your flesh is cold resistant. (rC+) [White
                  | Draconian growth]
  6336 | D:5      | Found a white marble altar of Elyvilon.
  6756 | D:5      | Identified the +4 sling "Giant's Bane" {speed, Stlth+}
  6789 | D:5      | Learned a level 3 spell: Vampiric Draining
  6882 | D:5      | Found a staircase to the Ecumenical Temple.
  6896 | Temple   | Entered the Ecumenical Temple
  6896 | Temple   | Found a transporter.
  6896 | Temple   | Found a transporter.
  6898 | Temple   | Found a transporter.
  6898 | Temple   | Found a transporter.
  6940 | Temple   | Became a worshipper of Sif Muna the Loreminder
  7276 | D:5      | Reached skill level 1 in Invocations
  7543 | D:6      | Reached skill level 1 in Necromancy
  7594 | D:6      | Reached skill level 7 in Poison Magic
  7736 | D:5      | Learned a level 1 spell: Magic Dart
  7752 | D:5      | HP: 1/41 [wight/+0 long sword (7)]
  7762 | D:5      | Reached XP level 8. HP: 9/47 MP: 5/14
  8226 | D:6      | Reached skill level 5 in Conjurations
  8460 | D:6      | Noticed Sigmund
  8481 | D:6      | Killed Sigmund
  8481 | D:6      | Reached * piety under Sif Muna
  8616 | D:6      | Noticed Blork the orc
  8905 | D:6      | Killed Blork the orc
  8906 | D:6      | Reached skill level 5 in Spellcasting
  8906 | D:6      | Reached XP level 9. HP: 47/62 MP: 6/16
  9046 | D:6      | Found a bloodstained altar of Trog.
  9649 | D:7      | Noticed Joseph
  9786 | D:7      | Reached skill level 8 in Poison Magic
 10077 | D:7      | Noticed Pikel
 10104 | D:6      | Killed Pikel
 10584 | D:7      | Reached skill level 5 in Invocations
 10590 | D:7      | Learned a level 5 spell: Borgnjor's Vile Clutch
 10942 | D:7      | Killed Joseph
 10943 | D:7      | Reached skill level 5 in Necromancy
 11178 | D:6      | Slain by an orc warrior

Illustrated notes

Levels and vault maps discovered:
D:1:      psy_arrival_statuary, layout_basic,
          shapermc_ecumenical_altar_flowoftime, serial_shops, shop, shop,
          chequers_serial_rivers_small_b
D:2:      layout_basic, basic_altar
D:3:      layout_rooms, kennysheep_big_empty_room, uniq_terence
D:4:      layout_basic, mainiacjoe_overflow_surrounded_room,
          nicolae_tso_carved_into_rock, overflow_temple_1_default, uniq_duvessa
D:5:      layout_loops_cross, nicolae_qazlal_scattered_showers,
          kennysheep_mini_moat, minmay_temple_entry_drinking_statues,
          nicolae_elevator_lobby_asterisk
D:6:      layout_basic, trog_three_pillars_becter, uniq_sigmund,
          uniq_blork_the_orc
D:7:      layout_cave_pools, serial_bayou_pond_e, corexii_corridor_pit,
          serial_park_tiny_pond, reono_crystal_passage, uniq_joseph, uniq_pikel,
          uniq_crazy_yiuf_cottage
Temple:   hellmonk_temple_divided_pantheon

Skill      XL: |  1  2  3  4  5  6  7  8  9 |
---------------+----------------------------+-----
Poison Magic   | 4 5 6 7 8 |  8.4
Conjurations   | 1 2 3 4 5 6 |  6.3
Spellcasting   | 3 4 5 |  5.7
Invocations    | 1 3 5 |  5.0
Necromancy     | 1 3 5 |  5.2
Earth Magic    | 2 |  2.1
Dodging        | |  1.7
Stealth        | |  1.7
Transmutations | |  1.0

Action                   |  1- 3 |  4- 6 |  7- 9 || total
-------------------------+-------+-------+-------++-------
Melee: Short sword       |    21 |    11 |       ||    32
       Unarmed           |     1 |       |       ||     1
       Tailslap          |     1 |     1 |    19 ||    21
       Whip              |       |    22 |   123 ||   145
       Punch             |       |       |     2 ||     2
 Cast: Sting             |    59 |    40 |    37 ||   136
       Poisonous Vapours |    12 |    35 |       ||    47
       Mephitic Cloud    |       |     4 |     7 ||    11
       Olgreb's Toxic Ra |       |     6 |    43 ||    49
       Magic Dart        |       |       |     9 ||     9
       Vampiric Draining |       |       |    17 ||    17
Invok: Channel Magic     |       |       |     1 ||     1
 Abil: Breathe Frost     |       |       |     3 ||     3
Evoke: Wand              |       |     5 |    16 ||    21
  Use: Scroll            |     9 |       |     5 ||    14
       Potion            |       |       |     1 ||     1
 Stab: Confused          |       |       |     1 ||     1
Armor: Skin              |    11 |    12 |    89 ||   112
Dodge: Dodged            |    26 |    35 |   119 ||   180
